 Dungeon Crawl Stone Soup version 0.19.4-8-ga85b6b9 (webtiles) character file.

56 Naow the Caller (level 3, -1/19 HPs)
             Began as a Deep Elf Summoner on Feb 10, 2017.
             Slain by an adder (4 damage)
             ... on level 2 of the Dungeon.
             The game lasted 00:04:09 (2402 turns).

Naow the Caller (Deep Elf Summoner)                 Turns: 2402, Time: 00:04:09

Health: -1/19      AC:  2    Str:  5    XL:     3   Next: 71%
Magic:  13/19      EV: 13    Int: 20    God:
Gold:   103        SH:  0    Dex: 15    Spells: 3 memorised, 4 levels left

rFire  . . .     SeeInvis .     (no weapon)
rCold  . . .     Gourm    .     a - +0 robe
rNeg   . . .     Faith    .     (no shield)
rPois  .         Spirit   .     (no helmet)
rElec  .         Reflect  .     (no cloak)
rCorr  .         Harm     .     (no gloves)
MR     .....                    (no boots)
Stlth  ++........               (no amulet)
                                (no ring)
                                g - ring of magical power

@: lethally poisoned (-1 -> -10)
A: no striking features
a: no special abilities


You were on level 2 of the Dungeon.
You were not hungry.

You visited 1 branch of the dungeon, and saw 2 of its levels.

You collected 103 gold pieces.

Inventory:

Armour
 a - a +0 robe (worn)
Jewellery
 g - a ring of magical power (left hand)
Scrolls
 d - 3 scrolls of remove curse {unknown}
 h - a scroll of blinking {unknown}
 k - a scroll of fear {unknown}
Potions
 i - 2 potions of agility
Books
 b - a book of Callings

   Spells                             Type                      Level
   a - Summon Small Mammal            Summoning                    1
   b - Call Imp                       Summoning                    2
   c - Call Canine Familiar           Summoning                    3
   d - Summon Guardian Golem          Hexes/Summoning              3
   e - Summon Lightning Spire         Summoning/Air                4
   f - Summon Ice Beast               Ice/Summoning                4
 e - a book of Minor Magic

   Spells                             Type                      Level
   a - Magic Dart                     Conjuration                  1
   b - Blink                          Translocation                2
   c - Call Imp                       Summoning                    2
   d - Repel Missiles                 Charms/Air                   2
   e - Slow                           Hexes                        2
   f - Conjure Flame                  Conjuration/Fire             3
   g - Mephitic Cloud                 Conjuration/Poison/Air       3
Comestibles
 c - 4 bread rations
 f - 4 chunks of flesh
 l - a meat ration


   Skills:
 - Level 2.4 Dodging
 - Level 2.4 Stealth
 + Level 4.2 Spellcasting
 * Level 5.4 Summonings


You had 4 spell levels left.
You knew the following spells:

 Your Spells              Type           Power        Failure   Level  Hunger
a - Summon Small Mammal   Summ           ####         1%          1    None
b - Call Imp              Summ           ####....     2%          2    #......
c - Call Canine Familiar  Summ           ####....     6%          3    ###....


Dungeon Overview and Level Annotations

Branches:
Dungeon (2/15)

Altars:


Message History

Your crimson imp hits the adder.
Your hound bites the adder.
The adder bites you but does no damage.
Casting: Summon Small Mammal
Confirm with . or Enter, or press ? or * to list all spells.
Your hound closely misses the adder.
Your quokka misses the adder. The adder bites you.
* * * LOW HITPOINT WARNING * * *
You are lethally poisoned!
The adder poisons you!
Your crimson imp blinks!
* * * LOW HITPOINT WARNING * * *
You feel sick.
Your hound closely misses the adder.
Your quokka closely misses the adder.
The adder closely misses you. The worm closely misses you.
Your hound bites the adder but does no damage.
Casting: Summon Small Mammal
Confirm with . or Enter, or press ? or * to list all spells.
* * * LOW HITPOINT WARNING * * *
You feel sick. The adder bites you.
You die...

##### .....
#..........
...... .#
#..........
...... ..#
#..........
##.....)
#..##.....5....
.....(..
#..#.........$
........
#....h.r......
........
#....wSr......
..##..##
#.....@.....# .##
## #...r.......#
## ###..##...####
# ###.....#.#.# #
##...........# #
.##..#......####
#............#
##..##..#......#
##...##..#....)##


You could see a worm, an adder, a friendly hound, a friendly crimson imp, 2
friendly quokkas and a friendly rat.

Vanquished Creatures
  A bat (D:2)
  A frilled lizard (D:2)
2 creatures vanquished.

Vanquished Creatures (collateral kills)
  3 adders (D:2)
  3 dart slugs
  3 leopard geckos
  A giant cockroach (D:2)
  10 goblins
  4 hobgoblins
  2 jackals (D:2)
  8 kobolds
  A quokka (D:2)
  5 bats (D:1)
  6 frilled lizards
  9 rats
55 creatures vanquished.

Grand Total: 57 creatures vanquished

Notes
Turn   | Place    | Note
-------+----------+-------------------------------------------
     0 | D:1      | Naow the Deep Elf Summoner began the quest for the Orb.
     0 | D:1      | Reached XP level 1. HP: 10/10 MP: 6/6
     3 | D:1      | Noticed an electric eel
     3 | D:1      | Noticed an electric eel
   479 | D:1      | Reached XP level 2. HP: 15/15 MP: 2/8
   483 | D:1      | Learned a level 2 spell: Call Imp
  1288 | D:1      | Reached skill level 5 in Summonings
  1341 | D:2      | Reached XP level 3. HP: 17/19 MP: 10/10
  1347 | D:2      | Learned a level 3 spell: Call Canine Familiar
  2189 | D:2      | Found a faded altar of an unknown god.
  2402 | D:2      | Slain by an adder

Skill      XL: |  1  2  3 |
---------------+----------+-----
Summonings     | 5 |  5.4
Spellcasting   | 4 |  4.2
Dodging        | |  2.4
Stealth        | |  2.4

Action                   || total
-------------------------++-------
Melee: Unarmed           ||    22
 Cast: Summon Small Mamm ||    67
       Call Imp          ||    26
       Call Canine Famil ||     6
  Use: Potion            ||     3
 Stab: Sleeping          ||     2
       Distracted        ||     1
  Eat: Chunk             ||     6
Armor: Robe              ||    15
Dodge: Dodged            ||    69
